 Dungeon Crawl Stone Soup version 0.22-a0-441-gcf5b0c6 (webtiles) character file.

523705 Gorglomux the Slayer (level 24, -8/236 HPs)
             Began as a Minotaur Abyssal Knight on May 29, 2018.
             Was the Champion of Makhleb.
             Killed from afar by an orb of fire (38 damage)
             ... with a bolt of fire
             ... on level 5 of the Realm of Zot on May 30, 2018.
             The game lasted 01:07:59 (49187 turns).

Gorglomux the Slayer (Minotaur Abyssal Knight)     Turns: 49187, Time: 01:08:00

Health: -8/236     AC: 34    Str: 21 (22) XL:     24   Next: 19%
Magic:  36/36      EV:  9    Int:  7      God:    Makhleb [******]
Gold:   1317       SH: 30    Dex: 13      Spells: 23/23 levels left

rFire    + . .     SeeInvis .   h - +9 broad axe (vamp)
rCold    + + .     Gourm    .   J - +6 large shield {rC+}
rNeg     + . .     Faith    .   e - +2 gold dragon scales
rPois    +         Spirit   .   (helmet restricted)
rElec    .         Reflect  .   x - +2 cloak
rCorr    .         Harm     .   U - +2 pair of gloves "Cajaegoa" {rN+ MP+9}
MR       +++..     Rnd*Tele +   F - +2 pair of boots of the Assassin {Detection Stab+ Stlth++}
Stlth    ..........             L - amulet of rage
HPRegen  0.49/turn              y - +4 ring of slaying
MPRegen  0.25/turn              v - +6 ring of slaying

@: studying Shields
A: retaliatory headbutt, horns 2, molten scales 1, deformed body, deterioration
1, dopey 1, low mp 1, magic resistance 2, teleportitis 1, weak 2, MP-powered
wands
}: 3/15 runes: barnacled, silver, gossamer
a: Minor Destruction, Lesser Servant of Makhleb, Major Destruction, Greater
Servant of Makhleb, Renounce Religion, Evoke Berserk Rage


You were on level 5 of the Realm of Zot.
You worshipped Makhleb.
Makhleb was exalted by your worship.
You were completely stuffed.

You visited 9 branches of the dungeon, and saw 47 of its levels.
You visited the Abyss 3 times.
You also visited: Ice Cave.

You collected 6363 gold pieces.
You spent 5046 gold pieces at shops.

Inventory:

Hand Weapons
 a - the +7 broad axe of Generosity {antimagic, rPois}
   (You found it on level 5 of the Vaults)

   It reduces the magical energy of the wielder, and disrupts the spells and
   magical abilities of those hit.
   Natural abilities and divine invocations are not affected.
   It protects you from poison.
 b - the +8 mithril axe "Arga" {speed, MR+}
   (You acquired it on level 4 of the Lair of Beasts)

   Attacks with this weapon are significantly faster.
   It affects your resistance to hostile enchantments.
 h - a +9 vampiric broad axe (weapon)
Missiles
 w - 2 javelins of returning (quivered)
 Z - 7 throwing nets
Armour
 e - +2 gold dragon scales (worn)
 x - a +2 cloak (worn)
 F - the +2 pair of boots of the Assassin (worn) {Detection Stab+ Stlth++}
   (You bought it in a shop on level 2 of the Orcish Mines)

   It makes you much more stealthy.
 J - a +6 large shield of cold resistance (worn)
 U - the +2 pair of gloves "Cajaegoa" (worn) {rN+ MP+9}
   (You acquired it on level 2 of the Orcish Mines)

   It protects you from negative energy.
   It affects your magic capacity (+9).
Jewellery
 f - an uncursed ring of protection from fire
 m - an uncursed ring of protection from magic
 o - an uncursed ring of poison resistance
 v - a +6 ring of slaying (right hand)
 y - a +4 ring of slaying (left hand)
 L - an amulet of rage (around neck)
Wands
 A - a wand of acid (18)
 D - a wand of digging (32)
 E - a wand of enslavement (39)
 I - a wand of iceblast (35)
 O - a wand of clouds (5)
 P - a wand of paralysis (34)
Scrolls
 c - 5 scrolls of silence
 j - 5 scrolls of fear
 k - 3 scrolls of holy word
 z - 12 scrolls of remove curse
 B - 3 scrolls of blinking
 H - a scroll of summoning
 M - 6 scrolls of magic mapping
 N - 2 scrolls of fog
 R - 13 scrolls of identify
 T - 6 scrolls of teleportation
Potions
 g - 4 potions of mutation {!q}
 i - 2 potions of resistance
 l - 4 potions of berserk rage
 n - 3 potions of lignification
 p - 8 potions of ambrosia
 q - 5 potions of haste
 r - 3 potions of agility
 s - 7 potions of flight
 t - 3 potions of cancellation
 u - 4 potions of heal wounds
 C - 5 potions of brilliance
 K - 8 potions of might
 Q - 15 potions of curing
 S - 6 potions of magic
 Y - 2 potions of invisibility
Books
 d - a manual of Shields
Miscellaneous
 V - a phantom mirror
 W - 5 sacks of spiders
 X - a phial of floods
Comestibles
 G - 45 rations


   Skills:
 + Level 23.4 Fighting
 + Level 23.3 Axes
 + Level 23.3 Armour
 + Level 9.2 Dodging
 + Level 22.2 Shields
 + Level 12.0 Invocations
 - Level 9.8 Evocations


You had 23 spell levels left.
You didn't know any spells.
Your spell library contained the following spells:

 Spells                   Type           Power        Failure   Level  Hunger
 Cause Fear               Hex            #.........   100%        4    #####..
 Fireball                 Conj/Fire      #.........   100%        5    ######.
 Apportation              Tloc           #.....       100%        1    ##.....
 Conjure Flame            Conj/Fire      #.......     100%        3    ####...
 Bolt of Fire             Conj/Fire      #.........   100%        6    #######
 Slow                     Hex            #.......     100%        2    ###....
 Confuse                  Hex            #.......     100%        3    ####...
 Invisibility             Hex            #.......     100%        6    #######
 Throw Flame              Conj/Fire      #.....       100%        2    ###....
 Controlled Blink         Tloc           N/A          100%        8    #######
 Summon Small Mammal      Summ           #...         100%        1    ##.....
 Animate Dead             Necr           N/A          100%        4    #####..
 Pain                     Necr           #...         100%        1    ##.....
 Animate Skeleton         Necr           N/A          100%        1    ##.....
 Vampiric Draining        Necr           #.........   100%        3    ####...
 Sticky Flame             Conj/Fire      #.......     100%        4    #####..
 Regeneration             Chrm/Necr      #.........   100%        3    ####...
 Iron Shot                Conj/Erth      #.........   100%        6    #######
 Swiftness                Chrm/Air       #.......     100%        2    ###....
 Recall                   Summ/Tloc      N/A          100%        3    ####...
 Spider Form              Tmut/Pois      #.........   100%        3    ####...
 Blade Hands              Tmut           #.........   100%        5    ######.
 Statue Form              Tmut/Erth      #........    100%        6    #######
 Ice Form                 Ice/Tmut       #.......     100%        4    #####..
 Dragon Form              Tmut           #.........   100%        7    #######
 Death Channel            Necr           #.........   100%        6    #######
 Deflect Missiles         Chrm/Air       #.........   100%        6    #######
 Confusing Touch          Hex            #.....       100%        1    ##.....
 Flame Tongue             Conj/Fire      #....        100%        1    ##.....
 Passwall                 Tmut/Erth      #.......     100%        2    ###....
 Sticks to Snakes         Tmut           #.......     100%        2    ###....
 Metabolic Englaciation   Hex/Ice        #.........   100%        5    ######.
 Silence                  Hex/Air        #.........   100%        5    ######.
 Dispersal                Tloc           #.........   100%        6    #######
 Corona                   Hex            #......      100%        1    ##.....
 Lee's Rapid Deconstruct  Erth           #.........   100%        5    ######.
 Simulacrum               Ice/Necr       #.........   100%        6    #######
 Conjure Ball Lightning   Conj/Air       #.........   100%        6    #######
 Portal Projectile        Hex/Tloc       #.....       100%        3    ####...
 Petrify                  Tmut/Erth      #.......     100%        4    #####..
 Passage of Golubria      Tloc           N/A          100%        4    #####..
 Tornado                  Air            #.........   100%        9    #######
 Leda's Liquefaction      Hex/Erth       #.........   100%        4    #####..
 Darkness                 Hex            #.........   100%        6    #######
 Inner Flame              Hex/Fire       #.......     100%        3    ####...
 Beastly Appendage        Tmut           #.....       100%        1    ##.....
 Disjunction              Tloc           #.........   100%        8    #######
 Iskenderun's Battlesphe  Conj/Chrm      #.......     100%        5    ######.
 Force Lance              Conj/Tloc      #.......     100%        4    #####..
 Discord                  Hex            #.........   100%        8    #######
 Summon Lightning Spire   Summ/Air       #.......     100%        4    #####..
 Hydra Form               Tmut           #.........   100%        6    #######
 Irradiate                Conj/Tmut      #.........   100%        5    ######.
 Gell's Gravitas          Tloc           #.........   100%        3    ####...
 Yara's Violent Unravell  Hex/Tmut       #.........   100%        5    ######.
 Borgnjor's Vile Clutch   Necr/Erth      #.........   100%        5    ######.


Dungeon Overview and Level Annotations

Branches:
Dungeon (15/15)            Temple (1/1) D:6            Lair (6/6) D:10
 Shoals (4/4) Lair:2       Spider (4/4) Lair:2        Slime (0/5) Lair:6
    Orc (2/2) D:9             Elf (0/3) Orc:2        Vaults (5/5) D:13
  Crypt (0/3) Vaults:3     Depths (5/5) D:15            Zot (5/5) Depths:5

Altars:
Cheibriados
Elyvilon
Fedhas
Gozag
Hepliaklqana
Kikubaaqudgha
Makhleb
Nemelex Xobeh
Okawaru
Ru
Vehumet
Xom
Beogh

Shops:
D:8 [   Orc:1 !   Orc:2 *=![   Vaults:1 (   Vaults:3 :   Vaults:5 =}

Portals:
Hell: Depths:3
Pandemonium: Depths:3

Annotations:
D:6 5 runed doors, corrupted
D:9 exclusion: 2 oklob saplings
Lair:6 2 runed doors


Innate Abilities, Weirdness & Mutations

You reflexively headbutt those who attack you in melee.
You have a pair of horns on your head.
You are partially covered in molten scales. (AC +2)
Armour fits poorly on your strangely shaped body.
Your body sometimes deteriorates upon taking damage.
You are dopey. (Int -2)
Your magical capacity is low. (-10% MP)
You are highly resistant to hostile enchantments. (MR++)
You are occasionally teleported next to monsters.
You are very weak. (Str -4)
You expend magic power (3 MP) to strengthen your wands.


Message History

You annihilate the balrug!!!
Your balrug gestures at the orb of fire!
The orb of fire is smitten!
The orb of fire glows bright magenta!
The bolt of fire hits the orb of fire!
The orb of fire completely resists!
The bolt of fire hits you!!! You resist! * * * don't die
* * * You closely miss the orb of fire!
The orb of fire is moderately damaged!
Your balrug completely misses the orb of fire!
The orb of butt glows bright magenta!
The fireball explodes!!!
The fireball engulfs you!!! You resist! * * * don't die
* * * The fireball engulfs the orb of fire!
The orb of butt completely resists!
You slice the orb of fire like a ripe choko!!!!!!
The orb of fire is heavily damaged!
The orb of fire glows red!
The bolt of fire hits the orb of fire!
The orb of fire completely resists!
The bolt of fire hits you!!! You resist! rip

..## #.............,,,,,,,*
..# #^.................,,*
..## #......^............,*
...# #...................,*
...## #.....^.............,*
....###.....^.............,*
##...###..................**
##....##................#*
###...^.......@*2.....#*
#▓▓▓▓▓#▓▓▓▓▓##*....▓▓
****,..(...........▓*
***,,,................▓*
**,,,,,......*^.*%......** *
*,,,,,..................,*
***,,,,,..................,*
,**,,,,,..................**
,,*,,,,,.................▓*


You could see 2 orbs of fire and a friendly balrug.

Vanquished Creatures
  3 ancient liches
  3 orbs of fire (Zot:5)
  Bai Suzhen (Spider:3)
  Saint Roka (Depths:1)
  2 Killer Klowns (Zot:5)
  A curse toe (Zot:5)
  A caustic shrike (Depths:3)
  4 golden dragons
  A bone dragon (Abyss:2)
  3 electric golems (Zot:5)
  6 tentacled monstrosities
  16 Orb Guardians (Zot:5)
  5 liches
  A quicksilver dragon (Vaults:5)
  2 titans
  6 tentacled starspawn
  4 death cobs
  A sphinx (Depths:1)
  6 storm dragons
  6 shadow dragons
  10 tengu reavers
  Kirke (Lair:4)
  A draconian monk (Depths:5)
  9 fire giants
  6 frost giants
  An iron dragon (Vaults:5)
  A draconian scorcher (Depths:5)
  A frost giant (shapeshifter) (Vaults:5)
  2 ghost moths
  17 vault wardens
  A draconian knight (Zot:5)
  2 draconian shifters
  A deep elf sorcerer (Vaults:5)
  7 emperor scorpions
  2 draconian annihilators
  13 ironheart preservers
  22 very ugly things
  4 war gargoyles (Vaults:5)
  A spriggan defender (Depths:3)
  3 entropy weavers
  4 deep elf demonologists
  6 black draconians
  27 stone giants
  Nessos (Lair:4)
  3 vampire knights
  3 deep elf annihilators
  A dire elephant (D:15)
  2 white draconians (Zot:5)
  3 purple draconians
  6 spark wasps
  3 yellow draconians
  4 merfolk javelineers
  2 deep elf death magi
  15 ettins
  4 red draconians
  A crystal guardian (Vaults:4)
  Snorg (Lair:5)
  3 merfolk impalers (Shoals:4)
  5 fire dragons
  4 deep elf high priests
  5 great orbs of eyes
  A rakshasa (Depths:3)
  Harold (Lair:3)
  3 hydras
  22 yaktaur captains
  2 spriggan air magi (Depths:3)
  Erolcha (D:13)
  3 ice dragons
  27 vault guards
  2 death knights (Vaults:3)
  The ghost of tstbtto the Cleaver, a novice MiFi of Gozag (D:10)
  4 centaur warriors
  3 merfolk avatars (Shoals:4)
  6 deep troll shamans
  3 merfolk aquamancers
  6 death yaks
  15 ogre magi
  7 deep troll earth magi
  6 tengu warriors
  49 two-headed ogres
  A shock serpent (shapeshifter) (Vaults:1)
  3 thrashing horrors
  9 orc high priests (Orc:2)
  A spriggan berserker (Depths:3)
  7 deep elf knights
  2 hell knights
  Sonja (D:13)
  4 shadow wraiths
  2 fire crabs (shapeshifter)
  4 wretched stars
  2 flayed ghosts
  An unseen horror (shapeshifter) (Vaults:5)
  A quicksilver dragon simulacrum (Vaults:4)
  2 iron trolls (Depths:1)
  25 deep trolls
  5 sea snakes
  5 unseen horrors
  4 glowing orange brains
  5 wizards
  2 lindwurms
  4 deep elf archers
  14 ironbrand convokers
  8 phantasmal warriors (Vaults:5)
  11 orc knights
  A harpy (Vaults:2)
  Pikel (D:4)
  2 necromancers (Vaults:4)
  A tengu skeleton (Vaults:4)
  19 ugly things
  A shining eye (shapeshifter) (Vaults:4)
  25 wolf spiders
  18 orb spiders
  An orc sorcerer (Orc:1)
  14 deep elf magi
  12 cyclopes
  A salamander (D:15)
  A stone giant zombie (Vaults:4)
  5 fauns (Shoals:1)
  4 centaur zombies
  10 moths of wrath
  4 manticores
  A human skeleton (Vaults:4)
  17 elephants (Lair:5)
  A black mamba (Lair:6)
  3 merfolk sirens
  A frost giant skeleton (Vaults:4)
  A torpor snail (Spider:2)
  A torpor snail (shapeshifter) (Vaults:5)
  2 molten gargoyles (Lair:6)
  9 vault sentinels
  Psyche (D:12)
  An ice statue (IceCv)
  A guardian serpent (shapeshifter) (Vaults:3)
  10 spiny frogs
  9 large abominations
  3 freezing wraiths
  2 kobold demonologists (D:15)
  12 komodo dragons
  4 rime drakes
  76 yaktaurs
  4 tengu conjurers
  4 demonic crawlers
  6 ancient zymes
  3 meliai (Spider:3)
  17 polar bears
  2 jumping spiders (shapeshifter) (Vaults:5)
  7 merfolk
  A polar bear (shapeshifter) (Vaults:2)
  8 trolls
  32 jumping spiders
  A queen bee (Spider:3)
  2 trolls (shapeshifter) (Depths:3)
  8 hornets
  8 dream sheep
  A wind drake (shapeshifter) (Vaults:3)
  2 hippogriffs (shapeshifter)
  3 snapping turtles
  14 hippogriffs
  4 blink frogs (Lair:5)
  18 slime creatures
  A human simulacrum (Vaults:1)
  56 redbacks
  A spriggan (D:11)
  12 starcursed masses
  5 water elementals
  2 wraiths
  A human (shapeshifter) (Vaults:2)
  16 tarantellas
  A wyvern (shapeshifter) (Vaults:3)
  2 shadows (D:13)
  6 wyverns
  5 hogs (Lair:4)
  57 yaks
  3 vampire mosquitoes (D:15)
  9 basilisks
  2 hungry ghosts
  A steam dragon (Lair:6)
  A soldier ant (D:14)
  11 wargs
  An acid dragon (D:13)
  An acid dragon (shapeshifter) (Depths:1)
  14 water moccasins
  3 hell hounds (Lair:6)
  A floating eye (Depths:3)
  4 sky beasts
  6 porcupines
  32 orc warriors
  4 black bears
  A slave (D:4)
  7 ice beasts
  An ice beast (shapeshifter) (Depths:3)
  An eye of draining (D:13)
  38 ogres
  4 phantoms
  11 boggarts
  18 wolves
  17 centaurs
  15 crocodiles
  5 big kobolds
  15 bullfrogs
  A bullfrog (shapeshifter) (Vaults:4)
  2 gnoll sergeants
  A scorpion (D:10)
  A water moccasin skeleton (D:6)
  25 killer bees
  6 howler monkeys
  2 electric eels
  6 crimson imps
  4 lava snakes (Lair:6)
  2 bullfrog zombies
  8 jellies
  A quasit (D:14)
  A gnoll shaman (D:3)
  43 orc priests
  2 centaur skeletons
  7 hounds
  A bullfrog skeleton (D:6)
  4 iguanas
  21 orc wizards
  9 worker ants
  A killer bee zombie (D:10)
  7 small abominations
  A howler monkey zombie (D:11)
  17 adders
  38 gnolls
  A river rat (D:5)
  5 shadow imps
  3 adder skeletons
  An adder zombie (D:6)
  A worm (shapeshifter) (Depths:1)
  3 worms
  3 dart slugs
  3 leopard geckos
  103 orcs
  13 bats
  12 giant cockroaches
  8 goblins
  8 hobgoblins
  19 jackals
  5 quokkas
  6 ball pythons (D:9)
  10 frilled lizards (D:1)
  21 kobolds
  A leopard gecko skeleton (D:9)
  A quokka zombie (D:5)
  8 rats
  3 fungi
  12 plants
  2 starspawn tentacles
1840 creatures vanquished.

Vanquished Creatures (collateral kills)
  Nikola (Spider:1)
  3 emperor scorpions (Spider:4)
  A ghost moth (Spider:4)
  2 yellow draconians (Depths:5)
  A hell knight (Depths:5)
  A jumping spider (Spider:4)
  A redback (Spider:4)
  An orc warrior (D:9)
11 creatures vanquished.

Vanquished Creatures (others)
  A frost giant (IceCv)
  A vault warden (Vaults:5)
  3 slime creatures
  A fire dragon (D:9)
  A hydra (Lair:3)
  3 two-headed ogres
  A wolf spider (Spider:1)
  4 ugly things
  A moth of wrath (Zot:5)
  A komodo dragon (D:12)
  A polar bear (IceCv)
  A hornet (D:9)
  A redback (Spider:1)
  A human (Lair:4)
  4 soldier ants (D:6)
  3 water moccasins (D:6)
  3 orc warriors
  A slave (D:4)
  3 centaurs
  Blork the orc (D:4)
  6 killer bees (D:6)
  An orc wizard (D:9)
  2 orc priests
  4 worker ants
  A gnoll (D:3)
  4 adders
  An orc (Orc:2)
  7 fungi
  17 plants
  11 starspawn tentacles
90 creatures vanquished.

Grand Total: 1941 creatures vanquished

Notes
Turn   | Place    | Note
-------+----------+-------------------------------------------
     0 | Abyss:1  | Gorglomux the Minotaur Abyssal Knight began the quest for the Orb.
     0 | Abyss:1  | Reached XP level 1. HP: 19/19 MP: 1/1
    21 | Abyss:1  | Found a corrupted altar of Lugonu.
    89 | D:1      | Escaped the Abyss
   154 | D:1      | Reached * piety under Lugonu
   154 | D:1      | Reached XP level 2. HP: 12/27 MP: 2/2
   577 | D:1      | Reached skill level 3 in Axes
   597 | D:1      | Reached skill level 3 in Armour
   608 | D:1      | Reached XP level 3. HP: 32/33 MP: 3/3
  1002 | D:2      | Noticed an ogre
  1008 | D:2      | Killed an ogre
  1008 | D:2      | Reached XP level 4. HP: 24/41 MP: 3/5
  1011 | D:2      | Reached XP level 5. HP: 21/47 MP: 3/6
  1459 | D:2      | Reached ** piety under Lugonu
  1557 | D:2      | Reached skill level 3 in Invocations
  2688 | D:3      | Reached *** piety under Lugonu
  2689 | D:3      | Reached XP level 6. HP: 47/56 MP: 7/7
  3862 | D:4      | Noticed a slave
  3862 | D:4      | Noticed a slave
  3863 | D:4      | Noticed Pikel
  3864 | D:4      | Noticed a slave
  3865 | D:4      | Noticed a slave
  3878 | D:4      | Killed a slave
  3888 | D:4      | Killed Pikel
  3888 | D:4      | Reached skill level 6 in Fighting
  3888 | D:4      | Reached XP level 7. HP: 37/64 MP: 7/9
  4173 | D:4      | Killed Blork the orc
  4430 | D:3      | Reached skill level 6 in Armour
  4762 | D:3      | Reached skill level 6 in Axes
  4762 | D:3      | Reached XP level 8. HP: 55/71 MP: 10/10
  5409 | D:3      | Reached **** piety under Lugonu
  5416 | D:3      | Found a blossoming altar of Fedhas.
  5471 | D:5      | Entered Level 5 of the Dungeon
  5485 | D:5      | Reached skill level 1 in Shields
  5702 | D:5      | Found a sparkling altar of Nemelex Xobeh.
  6252 | D:5      | Reached skill level 3 in Shields
  6597 | D:6      | Found a staircase to the Ecumenical Temple.
  6635 | D:6      | Reached XP level 9. HP: 47/81 MP: 12/12
  6887 | D:6      | Found a runed gate.
  6889 | D:6      | Found a runed door.
  6894 | D:6      | Found a runed door.
  6896 | D:6      | Found the +9 staff of Olgreb {rPois}
  6904 | D:6      | Reached skill level 6 in Invocations
  6932 | D:6      | Found a runed gate.
  7366 | D:6      | Found a runed gate.
  7499 | D:6      | Corrupted D:6
  7499 | D:6      | Noticed a red very ugly thing
  7499 | D:6      | Noticed an orange demon
  7499 | D:6      | Noticed a thrashing horror
  7499 | D:6      | Noticed a starcursed mass
  7499 | D:6      | Noticed a sixfirhy
  7499 | D:6      | Noticed a spatial maelstrom
  7499 | D:6      | Noticed a sixfirhy
  7499 | D:6      | Noticed a large abomination
  7499 | D:6      | Noticed a smoke demon
  7499 | D:6      | Noticed a starcursed mass
  7499 | D:6      | Noticed a hellwing
  7499 | D:6      | Noticed a large abomination
  7499 | D:6      | Noticed a bone dragon
  7500 | D:6      | Noticed a freezing wraith
  7500 | D:6      | Noticed a spiny frog
  7500 | D:6      | Noticed a thrashing horror
  7504 | D:6      | Noticed a demonic crawler
  7506 | D:6      | Noticed a tentacled starspawn
  7508 | D:6      | Noticed a large abomination
  7517 | D:6      | Noticed a large abomination
  7519 | D:6      | Noticed a black mamba
  7519 | D:6      | a spriggan changed into a black mamba
  7520 | D:6      | a black mamba changed into a raiju
  9168 | D:8      | Noticed a two-headed ogre
  9174 | D:8      | Banished a two-headed ogre
  9174 | D:8      | Reached skill level 9 in Fighting
  9316 | D:8      | Noticed a two-headed ogre
  9330 | D:8      | Banished a two-headed ogre
  9330 | D:8      | Reached skill level 9 in Armour
  9330 | D:8      | Reached XP level 10. HP: 46/91 MP: 14/14
  9629 | D:8      | Reached skill level 9 in Axes
  9900 | D:8      | Found Syopt's Antique Armour Shoppe.
 10099 | D:9      | Noticed a two-headed ogre
 10107 | D:9      | Banished a two-headed ogre
 10349 | D:9      | Noticed a fire dragon
 10352 | D:9      | Banished a fire dragon
 11726 | D:9      | Noticed a two-headed ogre
 11732 | D:9      | Killed a two-headed ogre
 11732 | D:9      | Reached XP level 11. HP: 56/101 MP: 16/16
 12061 | D:9      | Found a blossoming altar of Fedhas.
 12087 | D:9      | Paralysed by a hornet for 1 turns
 12419 | D:10     | Entered Level 10 of the Dungeon
 12504 | D:10     | Noticed a two-headed ogre
 12517 | D:10     | Banished a two-headed ogre
 12517 | D:10     | Reached skill level 1 in Evocations
 13238 | D:10     | Noticed tstbtto's ghost (novice MiFi)
 13556 | D:10     | Killed tstbtto's ghost
 13670 | D:10     | Found a staircase to the Lair.
 14013 | D:11     | Noticed a cyan ugly thing
 14014 | D:11     | Noticed a cyan ugly thing
 14034 | D:11     | Killed a cyan ugly thing
 14333 | D:11     | Banished a cyan ugly thing
 14333 | D:11     | Reached skill level 3 in Evocations
 14614 | D:11     | Killed an unseen horror
 15369 | D:11     | Noticed a white ugly thing
 15388 | D:11     | Banished a white ugly thing
 15675 | D:12     | Reached XP level 12. HP: 68/112 MP: 15/17
 15681 | D:12     | Reached skill level 12 in Fighting
 15944 | D:12     | Reached skill level 12 in Armour
 16277 | Lair:1   | Entered Level 1 of the Lair of Beasts
 16288 | Lair:1   | Noticed a four-headed hydra
 16290 | Lair:1   | Reached skill level 12 in Axes
 16323 | D:10     | Killed a six-headed hydra
 16893 | Lair:1   | Found a frozen archway.
 16915 | IceCv    | Entered an ice cave
 17678 | IceCv    | Reached skill level 6 in Evocations
 17970 | IceCv    | Noticed a frost giant
 18467 | IceCv    | Banished a frost giant
 18542 | IceCv    | Reached XP level 13. HP: 91/122 MP: 18/18
 19680 | Lair:2   | Found a staircase to the Shoals.
 19875 | Lair:2   | Paralysed by a hornet for 3 turns
 20057 | Lair:2   | Upgraded the game from 0.22-a0-439-gac93bac to 0.22-a0-441-gcf5b0c6
 20328 | Lair:2   | Found a hole to the Spider Nest.
 21102 | Lair:3   | Noticed Harold
 21130 | Lair:3   | Killed Harold
 22074 | Lair:3   | Reached skill level 6 in Shields
 22370 | Lair:4   | Identified a scroll of acquirement
 22371 | Lair:4   | Found the +8 mithril axe "Arga" {speed, MR+}
 22388 | Lair:4   | Noticed Nessos
 22397 | Lair:4   | Killed Nessos
 22752 | Temple   | Entered the Ecumenical Temple
 22757 | Temple   | Fell from the grace of Lugonu
 22757 | Temple   | Became a worshipper of Makhleb the Destroyer
 23150 | Lair:4   | Noticed Kirke
 23492 | Lair:4   | Killed Kirke
 23916 | Lair:5   | Noticed Snorg
 23931 | Lair:5   | Killed Snorg
 24091 | Lair:5   | Noticed a tentacled starspawn
 24099 | Lair:5   | Killed a tentacled starspawn
 24105 | Lair:5   | Reached XP level 14. HP: 45/132 MP: 19/19
 24278 | Lair:4   | Noticed a tentacled starspawn
 24284 | Lair:4   | Killed a tentacled starspawn
 24405 | Lair:5   | Reached * piety under Makhleb
 25293 | Lair:5   | Noticed a tentacled starspawn
 25297 | Lair:5   | Killed a tentacled starspawn
 25611 | Lair:6   | Entered Level 6 of the Lair of Beasts
 25645 | Lair:6   | Found a staircase to the Slime Pits.
 25738 | Lair:6   | Reached ** piety under Makhleb
 26407 | Lair:6   | Found a large runed door.
 26457 | Lair:6   | Found a large runed door.
 26472 | Lair:6   | Noticed a tentacled starspawn
 26478 | Lair:6   | Killed a tentacled starspawn
 26907 | D:12     | Noticed Psyche
 26918 | D:12     | Killed Psyche
 26930 | D:12     | Reached skill level 9 in Shields
 26974 | D:12     | Reached skill level 15 in Fighting
 26979 | D:12     | Reached *** piety under Makhleb
 27700 | D:13     | Reached skill level 9 in Evocations
 27907 | D:13     | Found a gate to the Vaults.
 27931 | D:13     | Reached skill level 15 in Armour
 27952 | D:13     | Reached skill level 15 in Axes
 28084 | D:13     | Reached XP level 15. HP: 131/141 MP: 20/20
 28221 | D:13     | Noticed Erolcha
 28226 | D:13     | Killed Erolcha
 28245 | D:13     | Noticed Sonja
 28252 | D:13     | Killed Sonja
 28580 | D:14     | Reached **** piety under Makhleb
 28603 | D:14     | Paralysed by accursed screaming for 1 turns
 29204 | D:15     | Entered Level 15 of the Dungeon
 29356 | D:15     | Noticed a tentacled starspawn
 29364 | D:15     | Killed a tentacled starspawn
 29598 | D:15     | Found a staircase to the Depths.
 29997 | D:9      | Found a staircase to the Orcish Mines.
 30312 | Orc:1    | Entered Level 1 of the Orcish Mines
 30368 | Orc:2    | Entered Level 2 of the Orcish Mines
 30525 | Orc:2    | Reached ***** piety under Makhleb
 30529 | Orc:2    | Cast into level 1 of the Abyss (orc warrior)
 30619 | Orc:2    | Escaped the Abyss
 31022 | Orc:2    | Found a roughly hewn altar of Beogh.
 31029 | Orc:2    | Found Kibb's Distillery.
 31029 | Orc:2    | Found Eleruc's Antique Armour Emporium.
 31034 | Orc:2    | Bought a potion of curing for 45 gold pieces
 31034 | Orc:2    | Bought 2 potions of curing for 90 gold pieces
 31034 | Orc:2    | Bought a potion of haste for 150 gold pieces
 31043 | Orc:2    | Bought the +2 pair of boots of the Assassin {Detection Stab+ Stlth++} for 1740 gold pieces
 31043 | Orc:2    | Found the +2 pair of boots of the Assassin {Detection Stab+ Stlth++}
 31093 | Orc:2    | Found a staircase to the Elven Halls.
 31118 | Orc:2    | Got a pair of smoking gloves
 31129 | Orc:2    | Identified the +2 pair of gloves "Cajaegoa" {rN+ MP+9} (You acquired it on level 2 of the Orcish Mines)
 31185 | Orc:2    | Noticed a tentacled starspawn
 31185 | Orc:2    | Cast into level 2 of the Abyss (Lugonu's touch)
 31185 | Abyss:2  | Found a hide-covered altar of Uskayaw.
 31221 | Abyss:2  | Noticed a bone dragon
 31241 | Abyss:2  | Killed a bone dragon
 31250 | Orc:2    | Escaped the Abyss
 31258 | Orc:2    | Killed a tentacled starspawn
 31403 | Orc:2    | Found Ecaff's Assorted Antiques.
 31403 | Orc:2    | Found Kawn's Jewellery Emporium.
 31707 | Orc:1    | Reached ****** piety under Makhleb
 31825 | Orc:1    | Found Lygy's Distillery.
 31863 | Orc:1    | Bought a potion of heal wounds for 75 gold pieces
 31863 | Orc:1    | Bought a potion of haste for 150 gold pieces
 31863 | Orc:1    | Bought 2 potions of curing for 90 gold pieces
 31863 | Orc:1    | Bought a potion of curing for 45 gold pieces
 32062 | Orc:1    | Found an iron altar of Okawaru.
 32389 | Spider:1 | Entered Level 1 of the Spider Nest
 32659 | Spider:1 | Noticed Nikola
 32681 | Spider:1 | Killed Nikola
 32681 | Spider:1 | Reached XP level 16. HP: 48/151 MP: 22/22
 32989 | Spider:1 | You fall through a shaft!
 33701 | Spider:2 | Reached skill level 12 in Shields
 33939 | Spider:2 | Was forgiven by Lugonu
 35234 | Spider:3 | Noticed Bai Suzhen
 35256 | Spider:3 | Killed Bai Suzhen
 35465 | Spider:4 | Entered Level 4 of the Spider Nest
 36079 | Spider:4 | Reached XP level 17. HP: 162/162 MP: 23/23
 36164 | Spider:4 | Got a gossamer rune of Zot
 36485 | Shoals:1 | Entered Level 1 of the Shoals
 36844 | Shoals:4 | Entered Level 4 of the Shoals
 37093 | Shoals:4 | Got a barnacled rune of Zot
 37350 | Vaults:1 | Entered Level 1 of the Vaults
 37387 | Vaults:1 | Reached skill level 18 in Fighting
 37510 | Vaults:1 | Found Kobigrop's Antique Weapon Shop.
 37526 | Vaults:1 | Bought a glowing broad axe for 217 gold pieces
 37615 | Vaults:1 | Reached skill level 18 in Axes
 37619 | Vaults:1 | Reached skill level 18 in Armour
 37941 | Vaults:1 | Reached XP level 18. HP: 173/173 MP: 24/24
 38293 | Vaults:1 | Gained mutation: Your magical capacity is low. (-10% MP) [a shining eye]
 38296 | Vaults:1 | Gained mutation: You are frail. (-10% HP) [a shining eye]
 38297 | Vaults:1 | Gained mutation: Your spells are a little easier to cast, but a little less powerful. [a shining eye]
 38305 | Vaults:1 | Lost mutation: Your spells are a little easier to cast, but a little less powerful. [potion of mutation]
 38305 | Vaults:1 | Lost mutation: You are frail. (-10% HP) [potion of mutation]
 38305 | Vaults:1 | Gained mutation: You are resistant to hostile enchantments. (MR+) [potion of mutation]
 38305 | Vaults:1 | Gained mutation: You are weak. (Str -2) [potion of mutation]
 38305 | Vaults:1 | Gained mutation: You expend magic power (3 MP) to strengthen your wands. [potion of mutation]
 38305 | Vaults:1 | Gained mutation: You are highly resistant to hostile enchantments. (MR++) [potion of mutation]
 38428 | Vaults:1 | Found a shimmering altar of Xom.
 38554 | Vaults:2 | Reached skill level 15 in Shields
 40258 | Vaults:3 | Found a staircase to the Crypt.
 40306 | Vaults:3 | Reached XP level 19. HP: 183/183 MP: 22/22
 40515 | Vaults:3 | Found Nuf Gosh's Book Shoppe.
 41436 | Vaults:4 | Noticed a lich
 41442 | Vaults:4 | Killed a lich
 42183 | Vaults:5 | Entered Level 5 of the Vaults
 42238 | Vaults:5 | Reached XP level 20. HP: 194/194 MP: 23/23
 42645 | Vaults:5 | Reached skill level 18 in Shields
 42691 | Vaults:5 | Noticed a golden dragon
 42706 | Vaults:5 | Killed a golden dragon
 42728 | Vaults:5 | Reached skill level 21 in Fighting
 42744 | Vaults:5 | Found Pusiz's Gadget Boutique.
 42753 | Vaults:5 | Reached skill level 21 in Axes
 42755 | Vaults:5 | Reached skill level 21 in Armour
 42800 | Vaults:5 | Found Ocoufog's Jewellery Shoppe.
 42882 | Vaults:5 | Reached XP level 21. HP: 204/204 MP: 24/24
 43315 | Vaults:5 | Got a silver rune of Zot
 43583 | Vaults:5 | Identified Lee's Incunabulum of Dusty Arcane Weapons
 43686 | Vaults:5 | Noticed an ancient lich
 43701 | Vaults:5 | Killed an ancient lich
 43754 | Vaults:5 | Identified the +7 broad axe of Generosity {antimagic, rPois} (You found it on level 5 of the Vaults)
 44552 | Orc:2    | Bought a +6 ring of slaying for 2444 gold pieces
 44748 | Depths:1 | Entered Level 1 of the Depths
 45147 | Depths:1 | Noticed Saint Roka
 45169 | Depths:1 | Killed Saint Roka
 45169 | Depths:1 | Reached XP level 22. HP: 179/215 MP: 25/25
 45357 | Depths:1 | Reached skill level 9 in Invocations
 45706 | Depths:3 | Found a one-way gate leading to the halls of Pandemonium.
 45726 | Depths:3 | Reached skill level 3 in Dodging
 45732 | Depths:3 | Found a gateway to Hell.
 45942 | Depths:3 | Found a sacrificial altar of Ru.
 45943 | Depths:3 | Found a shimmering altar of Xom.
 45943 | Depths:3 | Found a snail-covered altar of Cheibriados.
 46067 | Depths:3 | Noticed a golden dragon
 46087 | Depths:3 | Killed a golden dragon
 46385 | Depths:3 | Noticed a caustic shrike
 46396 | Depths:3 | Killed a caustic shrike
 46761 | Depths:5 | Entered Level 5 of the Depths
 46812 | Depths:5 | Reached skill level 6 in Dodging
 46815 | Depths:5 | Reached XP level 23. HP: 222/225 MP: 26/26
 47245 | Depths:5 | Found a gate to the Realm of Zot.
 47447 | Zot:1    | Entered Level 1 of the Realm of Zot
 47633 | Zot:5    | Entered Level 5 of the Realm of Zot
 47688 | Zot:5    | Reached skill level 21 in Shields
 47769 | Zot:5    | Noticed a curse toe
 47784 | Zot:5    | Killed a curse toe
 48264 | Zot:5    | Noticed an orb of fire
 48272 | Zot:5    | Gained mutation: You are very weak. (Str -4) [an orb of fire]
 48295 | Zot:5    | Killed an orb of fire
 48391 | Zot:5    | Noticed an ancient lich
 48402 | Zot:5    | Killed an ancient lich
 48529 | Zot:5    | Noticed a Killer Klown
 48544 | Zot:5    | Noticed an orb of fire
 48545 | Zot:5    | Noticed a Killer Klown
 48549 | Zot:5    | Gained mutation: Your body sometimes deteriorates upon taking damage. [an orb of fire]
 48550 | Zot:5    | Gained mutation: You are frail. (-10% HP) [an orb of fire]
 48606 | Zot:5    | Noticed an ancient lich
 48683 | Zot:5    | Killed an ancient lich
 48766 | Zot:5    | Gained mutation: Scrolls take you a little longer to read. [a cacodemon]
 48847 | Zot:5    | Lost mutation: You are frail. (-10% HP) [potion of mutation]
 48847 | Zot:5    | Lost mutation: You are very weak. (Str -4) [potion of mutation]
 48847 | Zot:5    | Lost mutation: Scrolls take you a little longer to read. [potion of mutation]
 48847 | Zot:5    | Gained mutation: You are dopey. (Int -2) [potion of mutation]
 48847 | Zot:5    | Gained mutation: You are partially covered in molten scales. (AC +2) [potion of mutation]
 48904 | Zot:5    | Killed a Killer Klown
 48968 | Zot:5    | Killed an orb of fire
 49029 | Zot:5    | Reached XP level 24. HP: 235/235 MP: 26/27
 49083 | Zot:5    | Reached skill level 9 in Dodging
 49089 | Zot:5    | Noticed an orb of fire
 49089 | Zot:5    | Noticed an orb of fire
 49096 | Zot:5    | Gained mutation: Armour fits poorly on your strangely shaped body. [an orb of fire]
 49100 | Zot:5    | Gained mutation: You are occasionally teleported next to monsters. [an orb of fire]
 49108 | Zot:5    | Killed an orb of fire
 49108 | Zot:5    | Gained mutation: You are very weak. (Str -4) [an orb of fire]
 49132 | Zot:5    | Reached skill level 12 in Invocations
 49177 | Zot:5    | Noticed an orb of fire
 49187 | Zot:5    | Killed from afar by an orb of fire

Vault maps used:
D:1:      sevenhm_arrival_forest_fort_large_1, minivault_23,
          minmay_misc_feat_columns, minmay_lizard_king
D:3:      lemuel_castle_with_subvaults, marbit_many_paths, st_stairs_5,
          grunt_decor_arrowhead
D:4:      serial_park_tiny_pond, uniq_blork_the_orc, uniq_pikel
D:5:      gup_sewer_entry_spiral, first_ration, st_stairs_10,
          nemelex_diamond_rough_becter
D:6:      temple_fountains, small_statue_intersection, dk_noncrumbling_4,
          minmay_guarded_unrand_staff_of_olgreb
D:8:      serial_shops, shop_fountains
D:9:      dragon1_lemuel, david_orc_4, introduction_to_nature_2
D:10:     grunt_lair_entry_orc_guard_hut
D:11:     the_bakery
D:12:     minmay_statues_item, uniq_psyche
D:13:     david_vaults_1, uniq_sonja, uniq_erolcha
D:14:     minmay_weird_star, kennysheep_cross_room
D:15:     hangedman_depths_entry_try_elsewhere_first, hangedman_decor_points
Temple:   grunt_wide_crystal_templ
Lair:1:   portal_ice_cave_rime, grunt_forest_stairs_basic
Lair:2:   elwin_shoals_entry_rocks, spider_nest_entry_rubble
Lair:3:   uniq_harold
Lair:4:   uniq_nessos, uniq_kirke
Lair:5:   grunt_megastairs_5, lemuel_fruit_fields, infiniplex_staircase_pool,
          uniq_snorg
Lair:6:   cheibrodos_lair_end_hotspot, slime_dummy, serial_bayou_lagoon_a,
          st_stairs_11, kennysheep_basilisk_garden
Shoals:3: serial_shops, shop
Shoals:4: shoals_end_simple, shoals_ilsuiw_alternative, uniq_roxanne,
          uniq_polyphemus, uniq_louise
Spider:1: guppyfry_spider_mini_1, uniq_nikola
Spider:2: nicolae_spider_cling_ruins
Spider:3: special_room, uniq_bai_suzhen
Spider:4: grunt_spider_rune_circles
Orc:1:    serial_shops, nicolae_shop_trees, nicolae_volcano_entry_vermiform,
          okawaru_metal_pillars_1_2
Orc:2:    st_orc_town
Vaults:1: vaults_room_ringed_pool, v_rooms_5, ontoclasm_vaults_spin,
          nicolae_vaults_network_star, basic_altar, serial_shops, shop
Vaults:2: v_misc_28, vaults_dpeg_ring, v_misc_4, nicolae_vaults_asterisk,
          dpeg_vaults_monster_row, ontoclasm_vaults_eye,
          nicolae_vaults_big_angled_halls, v_pattern_4, hangedman_vaults_impose,
          ontoclasm_vaults_gateway
Vaults:3: hangedman_vaults_unwind, nicolae_vaults_little_squares_2,
          vaults_mumra_hexcomb, nicolae_vaults_alarming, vaults_room_corners,
          vaults_dpeg_spiral, nicolae_vaults_windows_and_doors_thing,
          hangedman_vaults_snaps, ontoclasm_vaults_hangar,
          blue_anna_dwarven_crypt, st_cross, serial_shops, nicolae_shop_crystal
Vaults:4: v_misc_33, vaults_mumra_bighexcomb, nicolae_vaults_inception_scallops,
          nicolae_vaults_network_quinsquares, v_rooms_3,
          nicolae_vaults_network_barrier, vaults_standard_mumra_lines,
          nicolae_vaults_little_squares_1, v_misc_26
Depths:1: minmay_holes, grunt_hell_entry_dis_mu, abyss_entry, serial_shops,
          nicolae_shop_waterfront, kennysheep_generic_room_14,
          roderic_lattice_octagonal_star, uniq_saint_roka
Depths:2: kennysheep_snake, minmay_misc_feat_encased, hell_entry
Depths:3: hangedman_slaughterboxes, pan_entry, hell_entry
Depths:4: kennysheep_room_grid, pf_hell_entry_tar_river, serial_bayou_pond_c,
          abyss_entry
Depths:5: grunt_bruiser_brothers, enter_ziggurat_a, kennysheep_pointless_box,
          lightli_too_deep, grunt_pan_entry_in_and_out, bh_walls_and_bars,
          serial_bayou_shore_a
Zot:1:    lemuel_acid_trip, basic_loot_grate_trap
Zot:4:    kennysheep_ambush_hall, grunt_megastairs_3
IceCv:    ice_cave_small_giant

Skill      XL: |  1  2  3  4  5  6  7  8  9 10 11 12 13 14 15 16 17 18 19 20 21 22 23 24 |
---------------+-------------------------------------------------------------------------+-----
Invocations    | 2 3 4 5 7 8 10 11 12 | 12.0
Fighting       | 4 5 6 7 9 10 11 13 14 15 16 17 18 19 20 21 22 23 | 23.4
Axes           | 3 4 5 6 7 8 10 11 12 14 15 16 17 18 19 20 21 22 23 | 23.3
Armour         | 3 4 5 6 7 9 10 11 13 14 15 16 17 18 19 20 21 22 23 | 23.3
Shields        | 3 4 7 9 11 13 14 16 17 18 19 20 22 | 22.2
Evocations     | 3 6 7 9 |  9.8
Dodging        | 6 8 9 |  9.2

Action                   |  1- 3 |  4- 6 |  7- 9 | 10-12 | 13-15 | 16-18 | 19-21 | 22-24 || total
-------------------------+-------+-------+-------+-------+-------+-------+-------+-------++-------
Melee: Hand axe          |    82 |   192 |   400 |   168 |       |       |       |       ||   842
       Headbutt          |    10 |    22 |    72 |   150 |   275 |   273 |   367 |   220 ||  1389
       War axe           |       |       |       |   532 |   200 |       |       |       ||   732
       Staff             |       |       |       |     7 |     7 |       |       |       ||    14
       Broad axe         |       |       |       |       |  1118 |  1295 |  1313 |   802 ||  4528
       Unarmed           |       |       |       |       |     7 |       |       |       ||     7
Throw: Javelin           |       |       |     1 |       |     5 |       |       |       ||     6
       Throwing net      |       |       |       |       |     1 |       |       |       ||     1
Invok: Depart the Abyss  |     1 |       |       |       |       |       |       |       ||     1
       Bend Space        |       |     2 |     3 |    27 |     6 |       |       |       ||    38
       Banish            |       |       |     6 |    30 |     3 |       |       |       ||    39
       Corrupt           |       |       |     1 |       |       |       |       |       ||     1
       Greater Servant o |       |       |       |       |       |     2 |       |     7 ||     9
 Abil: Evoke Berserk Rag |       |       |       |     4 |       |       |       |       ||     4
Evoke: Staff of Olgreb   |       |       |       |    12 |     7 |       |       |       ||    19
       Wand              |       |       |       |     4 |     5 |     1 |       |     1 ||    11
       Phial of floods   |       |       |       |       |     1 |       |       |       ||     1
  Use: Potion            |       |     6 |       |     2 |     2 |     2 |     1 |     5 ||    18
       Scroll            |       |       |    14 |     4 |    17 |     9 |    15 |    12 ||    71
 Stab: Sleeping          |     4 |     5 |       |       |       |       |       |       ||     9
       Invisible         |       |     1 |       |       |       |       |       |       ||     1
       Paralysed         |       |       |       |       |     4 |       |       |       ||     4
       Held in net/web   |       |       |       |       |       |     1 |       |       ||     1
       Distracted        |       |       |       |       |       |     1 |     3 |     1 ||     5
  Eat: Chunk             |       |     8 |    12 |    22 |    27 |    25 |    14 |     7 ||   115
       Ration            |       |       |     4 |     6 |     6 |       |     1 |     9 ||    26
Armor: Leather armour    |    36 |    22 |       |       |       |       |       |       ||    58
       Scale mail        |       |    42 |    59 |       |       |       |       |       ||   101
       Plate armour      |       |       |   112 |   672 |   608 |   437 |   239 |    57 ||  2125
       Gold dragon scale |       |       |       |       |       |       |       |   135 ||   135
Dodge: Dodged            |    57 |   134 |   137 |   287 |   109 |   125 |    92 |    73 ||  1014
Block: Buckler           |       |       |    56 |   189 |       |       |       |       ||   245
       Large shield      |       |       |       |       |   804 |   902 |   928 |   590 ||  3224

Table legend:
 A = Spawn XP
 B = Non-spawn XP
 C = Spawn XP percentage of total XP
 D = Spawn monster count
 E = Non-spawn monster count
 F = Spawn count percentage of total count
 G = Total turns spent on level
                    A         B        C        D         E        F      G
               +---------+---------+-------+---------+---------+-------+---------
         Total |    3565 | 1014963 |   0.4 |       2 |    1816 |   0.1 | 49187
               +---------+---------+-------+---------+---------+-------+---------
           D:1 |       0 |      63 |   0.0 |       0 |      40 |   0.0 |   882
           D:2 |       0 |     264 |   0.0 |       0 |      27 |   0.0 |  1897
           D:3 |       0 |     674 |   0.0 |       0 |      65 |   0.0 |  2015
           D:4 |       0 |     743 |   0.0 |       0 |       8 |   0.0 |   588
           D:5 |       0 |     962 |   0.0 |       0 |      30 |   0.0 |  1126
           D:6 |       0 |     690 |   0.0 |       0 |      11 |   0.0 |  1536
           D:7 |       0 |    1007 |   0.0 |       0 |      14 |   0.0 |   925
           D:8 |       0 |    2474 |   0.0 |       0 |      29 |   0.0 |  1406
           D:9 |       0 |    6130 |   0.0 |       0 |      72 |   0.0 |  3115
          D:10 |       0 |    5057 |   0.0 |       0 |      43 |   0.0 |  2103
          D:11 |       0 |    5106 |   0.0 |       0 |      24 |   0.0 |  1455
          D:12 |       0 |    9053 |   0.0 |       0 |      33 |   0.0 |  1103
          D:13 |       0 |   10817 |   0.0 |       0 |      34 |   0.0 |   925
          D:14 |       0 |    2866 |   0.0 |       0 |      11 |   0.0 |   738
          D:15 |       0 |   11454 |   0.0 |       0 |      34 |   0.0 |   682
        Lair:1 |       0 |    4943 |   0.0 |       0 |      25 |   0.0 |  1379
        Lair:2 |       0 |    3076 |   0.0 |       0 |      10 |   0.0 |  1538
        Lair:3 |       0 |    9443 |   0.0 |       0 |      27 |   0.0 |  1648
        Lair:4 |       0 |    6138 |   0.0 |       0 |      18 |   0.0 |  1394
        Lair:5 |       0 |   16107 |   0.0 |       0 |      45 |   0.0 |  1310
        Lair:6 |       0 |   14056 |   0.0 |       0 |      59 |   0.0 |  1127
      Shoals:1 |       0 |    6294 |   0.0 |       0 |      12 |   0.0 |   145
      Shoals:2 |       0 |    4200 |   0.0 |       0 |      10 |   0.0 |   182
      Shoals:3 |       0 |    1007 |   0.0 |       0 |       2 |   0.0 |    82
      Shoals:4 |       0 |   16180 |   0.0 |       0 |      24 |   0.0 |   299
      Spider:1 |       0 |   21738 |   0.0 |       0 |      42 |   0.0 |   939
      Spider:2 |       0 |   16952 |   0.0 |       0 |      34 |   0.0 |  1242
      Spider:3 |       0 |   20111 |   0.0 |       0 |      56 |   0.0 |   983
      Spider:4 |       0 |   26939 |   0.0 |       0 |      58 |   0.0 |   884
         Orc:1 |       0 |    4967 |   0.0 |       0 |      39 |   0.0 |   678
         Orc:2 |       0 |   11725 |   0.0 |       0 |      84 |   0.0 |  1171
      Vaults:1 |       0 |   50533 |   0.0 |       0 |      85 |   0.0 |  1233
      Vaults:2 |       0 |   31534 |   0.0 |       0 |      48 |   0.0 |  1139
      Vaults:3 |       0 |   54206 |   0.0 |       0 |      88 |   0.0 |  1097
      Vaults:4 |       0 |   74863 |   0.0 |       0 |      96 |   0.0 |  1501
      Vaults:5 |       0 |  205645 |   0.0 |       0 |     193 |   0.0 |  2062
      Depths:1 |       0 |   48893 |   0.0 |       0 |      68 |   0.0 |   797
      Depths:2 |       0 |    3374 |   0.0 |       0 |       4 |   0.0 |    23
      Depths:3 |       0 |  113596 |   0.0 |       0 |      97 |   0.0 |  1171
      Depths:5 |       0 |   21004 |   0.0 |       0 |      18 |   0.0 |   686
         Zot:1 |       0 |   12034 |   0.0 |       0 |       9 |   0.0 |    64
         Zot:2 |       0 |    5291 |   0.0 |       0 |       4 |   0.0 |    97
         Zot:5 |       0 |  143622 |   0.0 |       0 |      49 |   0.0 |  1554
       Abyss:1 |      76 |     340 |  18.3 |       1 |       1 |  50.0 |   179
       Abyss:2 |    3489 |       0 | 100.0 |       1 |       0 | 100.0 |    65
         IceCv |       0 |    8792 |   0.0 |       0 |      36 |   0.0 |  1959
               +---------+---------+-------+---------+---------+-------+---------
